Map: Dreamcatcher LE

Players

Blast

  • Race: Zerg Zerg
  • Spawn Location: 5:00

Raze - Winner!

  • Race: Protoss Protoss
  • Spawn Location: 11:00

Event: WCS Austin 2018

VOD

Have the link to the VOD?

Description

Time

  • Played on: June 1, 2018, 1:35 p.m.
  • Length: 8:19

All games in this series

Show
View Real Time Build Order
Export as new Build Order

Blast Zerg 

Build Orders: Hatch First 

Get SALT Encoding   

  12  0:04  Drone  
  13  0:16  Overlord  
  13  0:17  Drone  
  14  0:34  Drone x2  
  16  0:38  Drone  
  17  0:54  Hatchery  
  17  0:57  Drone  
  17  1:02  Drone, Extractor  
  17  1:15  Spawning Pool  
  17  1:18  Drone  
  17  1:22  Drone  
  18  1:38  Drone  
  19  1:43  Overlord  
  19  2:03  Queen, Metabolic Boost  
  21  2:10  Queen  
  21  2:12  Zergling x4  
  21  2:13  Drone  
  26  2:17  Drone  
  26  2:20  Drone  
  28  2:27  Drone  
  28  2:29  Drone  
  30  2:36  Drone  
  31  2:43  Overlord  
  31  2:45  Queen  
  32  3:07  Hatchery  
  32  3:12  Drone  
  32  3:13  Drone x3  
  34  3:33  Drone x7  
  34  3:34  Drone  
  42  3:38  Spore Crawler  
  42  3:39  Spore Crawler  
  42  3:40  Drone  
  41  3:44  Zergling x2  
  42  3:50  Queen  
  42  3:52  Overlord x2  
  43  4:04  Overlord x2  
  43  4:10  Extractor  
  43  4:12  Overlord x2  
  43  4:24  Zergling x10  
  43  4:25  Zergling x6  
  49  4:34  Queen, Zergling x4  
  49  4:36  Zergling x4  
  49  4:37  Zergling x4  
  57  4:42  Baneling Nest  
  56  4:50  Zergling x6  
  56  4:51  Zergling x2  
  60  5:05  Zergling x6  
  61  5:10  Drone x3  
  62  5:15  Drone x3  
  62  5:16  Drone x3  
  62  5:21  Extractor  
  67  5:22  Drone  
  56  5:42  Drone x6  
  61  5:49  Drone x3  
  63  5:50  Drone x3  
  63  5:51  Drone x2  
  63  5:53  Lair  
  63  5:54  Drone x2  
  69  5:57  Evolution Chamber  
  69  5:59  Drone x3  
  69  6:03  Spore Crawler, Drone  
  70  6:13  Drone  
  70  6:14  Drone x3  
  74  6:20  Evolution Chamber, Drone x2  
  74  6:21  Extractor  
  74  6:23  Extractor  
  73  6:29  Overlord x2  
  73  6:35  Hatchery  
  72  6:47  Zergling x2  
  72  6:48  Zergling x14  
  72  6:49  Zergling x2  
  72  6:50  Zergling x4  
  83  6:54  Zergling x2  
  83  6:55  Zergling x2  
  83  6:57  Centrifical Hooks  
  79  7:04  Spore Crawler  
  79  7:07  Spore Crawler  
  71  7:08  Spore Crawler  
  71  7:09  Spore Crawler  
  71  7:11  Spore Crawler  
  64  7:21  Spore Crawler  
  59  7:23  Spore Crawler  
  49  7:31  Drone x2  
  49  7:32  Drone x5  
  56  7:38  Drone  
Show
View Real Time Build Order
Export as new Build Order

Raze Protoss - Winner!

Build Orders: 1 Gate Expand, Oracle Opening, Phoenix Opening 

Get SALT Encoding   

  12  0:00  Probe  
  13  0:13  Probe  
  14  0:18  Pylon  
  14  0:24  Probe  
  15  0:32  Probe  
  15  0:39  Gateway  
  15  0:40  Probe  
  16  0:48  Assimilator  
  17  0:51  Probe  
  18  1:03  Probe  
  19  1:15  Probe  
  20  1:26  Nexus  
  20  1:38  Cybernetics Core  
  20  1:41  Probe  
  21  1:48  Assimilator  
  21  1:53  Probe  
  22  1:55  Pylon  
  22  2:04  Probe  
  22  2:06  Adept  
  23  2:12  Probe  
  25  2:20  Probe  
  26  2:25  Stargate  
  27  2:32  Adept, Probe  
  27  2:35  Probe  
  30  2:43  Probe  
  31  2:44  Probe  
  33  2:53  Probe  
  33  2:56  Probe  
  35  3:00  Phoenix  
  35  3:05  Probe  
  35  3:06  Adept  
  35  3:08  Probe  
  41  3:18  Probe  
  42  3:20  Probe, Pylon  
  43  3:30  Probe  
  43  3:31  Oracle  
  43  3:32  Probe  
  45  3:36  Pylon  
  48  3:41  Assimilator  
  48  3:42  Probe  
  48  3:43  Assimilator  
  48  3:44  Probe  
  48  3:45  Pylon  
  50  3:54  Probe  
  51  3:57  Oracle, Probe  
  52  4:06  Probe  
  52  4:09  Probe  
  55  4:13  Stargate  
  55  4:15  Zealot  
  57  4:18  Probe  
  57  4:21  Probe  
  59  4:30  Probe  
  60  4:32  Oracle  
  60  4:33  Probe  
  60  4:38  Nexus  
  64  4:39  Pylon  
  64  4:42  Probe  
  65  4:47  Probe  
  66  4:54  Stargate, Probe  
  67  5:00  Shield Battery  
  67  5:01  Probe  
  67  5:06  Probe  
  69  5:09  Adept  
  65  5:16  Shield Battery x2  
  65  5:20  Oracle x2  
  73  5:23  Probe x2  
  75  5:35  Probe  
  76  5:41  Forge  
  76  5:46  Probe  
  76  5:49  Oracle  
  80  5:50  Probe  
  80  5:51  Probe  
  80  5:52  Assimilator  
  80  5:56  Assimilator  
  82  5:57  Oracle  
  82  5:59  Probe  
  82  6:00  Adept  
  82  6:01  Oracle  
  91  6:04  Probe  
  91  6:05  Probe  
  91  6:10  Pylon  
  91  6:11  Pylon  
  93  6:24  Photon Cannon  
  93  6:25  Photon Cannon  
  93  6:28  Probe x2  
  93  6:29  Pylon  
  93  6:30  Oracle, Pylon  
  93  6:32  Photon Cannon  
  98  6:34  Shield Battery  
  98  6:35  Oracle  
  98  6:38  Oracle  
  104  6:40  Pylon  
  104  6:53  Photon Cannon  
  104  6:54  Probe x3  
  106  6:55  Photon Cannon  
  106  6:57  Photon Cannon  
  107  7:12  Oracle x3  
  116  7:29  Nexus  
  116  7:30  Probe x2  
  116  7:31  Probe  
  116  7:33  Pylon  
  116  7:34  Fleet Beacon  
  116  7:36  Pylon  
  119  7:42  Oracle x3  
  128  8:00  Photon Cannon  
  128  8:03  Photon Cannon  
  128  8:05  Photon Cannon  
  128  8:06  Photon Cannon  
  128  8:08  Shield Battery  
  128  8:11  Shield Battery  
Tags
 
Add a new tag
Caveats
  • Supply blocks, unpowered buildings, or Contaminate may cause inaccurate times.
  • Supply counts are checked every 10 seconds.